TOP OF THE 1ST |
Austin River Sharks batting - Pitching for St Charles Sheens : RHP Bob Moss
|
Pitching: RHP Bob Moss
|
|
Batting: LHB Miguel Pérez
|
0-0: Ground out 4-3 (Groundball, 4)
|
Batting: LHB Luis Padilla
|
0-0: Ball 1-0: Foul Ball, location: 2F 1-1: Foul Ball, location: 2F 1-2: Ground out 1-3 (Groundball, 15)
|
Batting: LHB Roberto García
|
0-0: SINGLE (Line Drive, 4MD)
|
Batting: LHB Pedro Zaragoza
|
0-0: Called Strike 0-1: Ball 1-1: Ball 2-1: Ball 3-1: Foul Ball, location: 2F 3-2: Strikes out swinging
|
Top of the 1st over - 0 run(s), 1 hit(s), 0 error(s), 1 left on base; Austin 0 - St Charles 0 |
BOTTOM OF THE 1ST |
St Charles Sheens batting - Pitching for Austin River Sharks : RHP José Martínez
|
Pitching: RHP José Martínez
|
|
Batting: RHB Kel Pierce
|
0-0: Called Strike 0-1: Ball 1-1: Called Strike 1-2: Foul Ball, location: 2F 1-2: Ground out 4-3 (Groundball, 4)
|
Batting: LHB Marcos Cantú
|
0-0: Ball 1-0: Foul Ball, location: 2F 1-1: Ball 2-1: Ball 3-1: Foul Ball, location: 2F 3-2: Base on Balls
|
Batting: LHB Jeff Carter
|
0-0: Ball 1-0: Ground out 2-3 (Groundball, 25) Marcos Cantú to second
|
Batting: RHB Alfredo Rivera
|
0-0: Called Strike 0-1: Called Strike 0-2: Ball 1-2: Ball 2-2: Strikes out looking
|
Bottom of the 1st over - 0 run(s), 0 hit(s), 0 error(s), 1 left on base; Austin 0 - St Charles 0 |
TOP OF THE 2ND |
Austin River Sharks batting - Pitching for St Charles Sheens : RHP Bob Moss
|
Batting: SHB Juan Castro
|
0-0: Called Strike 0-1: Foul Ball, location: 2F 0-2: SINGLE (Groundball, 34D)
|
Batting: RHB Rich Ruffin
|
0-0: Grounds into double play, 6-4-3 (Groundball, 6)
|
Batting: RHB Kenneth Roberts
|
0-0: Ball 1-0: Called Strike 1-1: Called Strike 1-2: Ball 2-2: Ball 3-2: Foul Ball, location: 2F 3-2: Strikes out swinging
|
Top of the 2nd over - 0 run(s), 1 hit(s), 0 error(s), 0 left on base; Austin 0 - St Charles 0 |
BOTTOM OF THE 2ND |
St Charles Sheens batting - Pitching for Austin River Sharks : RHP José Martínez
|
Batting: RHB Guo-xiu Choi
|
0-0: Ball 1-0: Ground out 4-3 (Groundball, 4)
|
Batting: LHB Gene Cooper
|
0-0: Called Strike 0-1: Fly out, F8 (Flyball, 8LM)
|
Batting: RHB Júlio Hernández
|
0-0: Called Strike 0-1: Ball 1-1: Called Strike 1-2: Foul Ball, location: 2F 1-2: Ball 2-2: Ball 3-2: Fly out, F9 (Flyball, 9D)
|
Bottom of the 2nd over - 0 run(s), 0 hit(s), 0 error(s), 0 left on base; Austin 0 - St Charles 0 |
TOP OF THE 3RD |
Austin River Sharks batting - Pitching for St Charles Sheens : RHP Bob Moss
|
Batting: LHB Terry Maloney
|
0-0: Ball 1-0: Foul Ball, location: 2F 1-1: Ball 2-1: Ball 3-1: Swinging Strike 3-2: SINGLE (Groundball, 4MD)
|
Batting: RHB Hidetada Kichida
|
0-0: Called Strike 0-1: Ball 1-1: Ball 2-1: Ground out 4-3 (Groundball, 4M) Terry Maloney to second
|
Batting: LHB Miguel Pérez
|
0-0: Ball 1-0: Called Strike 1-1: Ground out 3-1 (Groundball, 34) Terry Maloney to third
|
Batting: LHB Luis Padilla
|
0-0: Called Strike 0-1: Swinging Strike 0-2: Hit by Pitch
|
Pinch Runner at 1st Edouard Padovano:
|
|
Batting: LHB Roberto García
|
0-0: 3-RUN HOME RUN (Flyball, 7D), Distance : 378 ft
|
Batting: LHB Pedro Zaragoza
|
0-0: Called Strike 0-1: Ball 1-1: Ground out 6-3 (Groundball, 6)
|
Top of the 3rd over - 3 run(s), 2 hit(s), 0 error(s), 0 left on base; Austin 3 - St Charles 0 |
BOTTOM OF THE 3RD |
St Charles Sheens batting - Pitching for Austin River Sharks : RHP José Martínez
|
Batting: RHB Max Rash
|
0-0: Called Strike 0-1: SINGLE (Groundball, 56D)
|
Batting: RHB Xavier Feliciano
|
0-0: Grounds into double play, 6-4-3 (Groundball, 6)
|
Batting: RHB Kel Pierce
|
0-0: SINGLE (Line Drive, 4)
|
Batting: LHB Marcos Cantú
|
0-0: Called Strike Pickoff Throw to First - Error! E1 Kel Pierce to second 0-1: Swinging Strike 0-2: Ground out 1-3 (Groundball, 23)
|
Bottom of the 3rd over - 0 run(s), 2 hit(s), 1 error(s), 1 left on base; Austin 3 - St Charles 0 |
TOP OF THE 4TH |
Austin River Sharks batting - Pitching for St Charles Sheens : RHP Bob Moss
|
Batting: SHB Juan Castro
|
0-0: Swinging Strike 0-1: Called Strike 0-2: Strikes out swinging
|
Batting: RHB Rich Ruffin
|
0-0: Called Strike 0-1: Ball 1-1: Ball 2-1: Ground out 6-3 (Groundball, 6)
|
Batting: RHB Kenneth Roberts
|
0-0: Foul Ball, location: 2F 0-1: Ball 1-1: Ground out 6-3 (Groundball, 6)
|
Top of the 4th over - 0 run(s), 0 hit(s), 0 error(s), 0 left on base; Austin 3 - St Charles 0 |
BOTTOM OF THE 4TH |
St Charles Sheens batting - Pitching for Austin River Sharks : RHP José Martínez
|
Batting: LHB Jeff Carter
|
0-0: Ball 1-0: Ball 2-0: Ball 3-0: Base on Balls
|
Batting: RHB Alfredo Rivera
|
0-0: Swinging Strike 0-1: Foul Ball, location: 2F 0-2: Foul Ball, location: 2F 0-2: Strikes out looking
|
Batting: RHB Guo-xiu Choi
|
0-0: Called Strike 0-1: Ground out 2-3 (Groundball, 23) Jeff Carter to second
|
Batting: LHB Gene Cooper
|
0-0: Foul Ball, location: 2F 0-1: Ball 1-1: Foul Ball, location: 2F 1-2: Ball 2-2: Foul Ball, location: 2F 2-2: Ball 3-2: Base on Balls
|
Batting: RHB Júlio Hernández
|
0-0: Ball 1-0: Foul Ball, location: 2F 1-1: SINGLE (Line Drive, 6MD) Jeff Carter to third Gene Cooper to second
|
Batting: RHB Max Rash
|
0-0: Ball 1-0: Swinging Strike 1-1: SINGLE (Groundball, 6M) Jeff Carter scores Gene Cooper to third Júlio Hernández to second Runner from 3rd tries for Home, SAFE, no throw or cutoff
|
Batting: RHB Xavier Feliciano
|
0-0: Ball 1-0: Called Strike 1-1: Foul Ball, location: 2F 1-2: Foul Ball, location: 2F 1-2: Foul Ball, location: 2F 1-2: Ball 2-2: Ball 3-2: Foul Ball, location: 2F 3-2: Base on Balls Júlio Hernández to third Max Rash to second
|
Batting: RHB Kel Pierce
|
0-0: Called Strike 0-1: Ball 1-1: Ball 2-1: Called Strike 2-2: Ball 3-2: Ground out 6-3 (Groundball, 6M)
|
Bottom of the 4th over - 2 run(s), 2 hit(s), 0 error(s), 3 left on base; Austin 3 - St Charles 2 |
TOP OF THE 5TH |
Austin River Sharks batting - Pitching for St Charles Sheens : RHP Bob Moss
|
Batting: LHB Terry Maloney
|
0-0: Ball 1-0: Ball 2-0: Swinging Strike 2-1: Foul Ball, location: 2F 2-2: Ground out 4-3 (Groundball, 4)
|
Batting: RHB Hidetada Kichida
|
0-0: Bunt for hit - play at first, batter OUT! 1-3
|
Batting: LHB Miguel Pérez
|
0-0: Ground out 4-3 (Groundball, 4)
|
Top of the 5th over - 0 run(s), 0 hit(s), 0 error(s), 0 left on base; Austin 3 - St Charles 2 |
BOTTOM OF THE 5TH |
St Charles Sheens batting - Pitching for Austin River Sharks : RHP José Martínez
|
Batting: LHB Marcos Cantú
|
0-0: Ground out 5-3 (Groundball, 56S)
|
Batting: LHB Jeff Carter
|
0-0: Ball 1-0: Called Strike 1-1: Swinging Strike 1-2: Strikes out looking
|
Batting: RHB Alfredo Rivera
|
0-0: Ball 1-0: SINGLE (Line Drive, 9S)
|
Batting: RHB Guo-xiu Choi
|
0-0: Ball 1-0: Called Strike 1-1: Fielders Choice at 2nd, U4 (Groundball, 4M)
|
Bottom of the 5th over - 0 run(s), 1 hit(s), 0 error(s), 1 left on base; Austin 3 - St Charles 2 |
TOP OF THE 6TH |
Austin River Sharks batting - Pitching for St Charles Sheens : RHP Bob Moss
|
Batting: RHB Edouard Padovano
|
0-0: Ground out 6-3 (Groundball, 6)
|
Batting: LHB Roberto García
|
0-0: Ball 1-0: Ball 2-0: Foul Ball, location: 2F 2-1: Ball 3-1: Ground out 4-3 (Groundball, 34)
|
Batting: LHB Pedro Zaragoza
|
0-0: Ground out 4-3 (Groundball, 4)
|
Top of the 6th over - 0 run(s), 0 hit(s), 0 error(s), 0 left on base; Austin 3 - St Charles 2 |
BOTTOM OF THE 6TH |
St Charles Sheens batting - Pitching for Austin River Sharks : RHP José Martínez
|
Batting: LHB Gene Cooper
|
0-0: Ball 1-0: SINGLE (Line Drive, 4MD)
|
Batting: RHB Júlio Hernández
|
0-0: Ball 1-0: Called Strike 1-1: Foul Ball, location: 2F 1-2: Foul Ball, location: 2F 1-2: Ball 2-2: Grounds into double play, 6-4-3 (Groundball, 6)
|
Batting: RHB Max Rash
|
0-0: Swinging Strike 0-1: Ball 1-1: Ball 2-1: SINGLE (Line Drive, 7LS)
|
Batting: RHB Xavier Feliciano
|
0-0: Ball 1-0: Called Strike 1-1: Foul Ball, location: 2F 1-2: Strikes out swinging
|
Bottom of the 6th over - 0 run(s), 2 hit(s), 0 error(s), 1 left on base; Austin 3 - St Charles 2 |
TOP OF THE 7TH |
Austin River Sharks batting - Pitching for St Charles Sheens : RHP Bob Moss
|
Batting: SHB Juan Castro
|
0-0: Ball 1-0: Ball 2-0: Swinging Strike 2-1: SINGLE (Line Drive, 34D)
|
Batting: RHB Rich Ruffin
|
0-0: Ball 1-0: Sac Bunt - play at first, batter OUT! 1-4 Juan Castro to second
|
Batting: RHB Kenneth Roberts
|
0-0: Ball 1-0: Ball 2-0: Called Strike 2-1: Foul Ball, location: 2F 2-2: SINGLE (Line Drive, 8LS) Juan Castro to third
|
Batting: LHB Terry Maloney
|
0-0: Ball 1-0: Fielders Choice at 2nd, 1-6 (Groundball, 25)
|
Batting: RHB Hidetada Kichida
|
0-0: Foul Ball, location: 2F 0-1: Fly out, F9 (Flyball, 89M)
|
Top of the 7th over - 0 run(s), 2 hit(s), 0 error(s), 2 left on base; Austin 3 - St Charles 2 |
BOTTOM OF THE 7TH |
St Charles Sheens batting - Pitching for Austin River Sharks : RHP José Martínez
|
Pitching: RHP Armen Boyajian
|
|
Batting: RHB Kel Pierce
|
0-0: SINGLE (Flyball, 78S)
|
Batting: LHB Marcos Cantú
|
0-0: Reached on error, E1 (Groundball, 13S) Kel Pierce to third
|
Batting: LHB Jeff Carter
|
0-0: Called Strike 0-1: Ball 1-1: Ball 2-1: Ground out 3-1 (Groundball, 34S)
|
Batting: RHB Alfredo Rivera
|
0-0: Foul Ball, location: 2F 0-1: Ball 1-1: Called Strike 1-2: Ground out 4-3 (Groundball, 4)
|
Pinch Hitting: RHB Judson Backstrom
|
0-0: Called Strike 0-1: Called Strike 0-2: Ball 1-2: Foul Ball, location: 2F 1-2: Ground out 1-3 (Groundball, 15)
|
Bottom of the 7th over - 0 run(s), 1 hit(s), 1 error(s), 2 left on base; Austin 3 - St Charles 2 |
TOP OF THE 8TH |
Austin River Sharks batting - Pitching for St Charles Sheens : RHP Bob Moss
|
Pitching: LHP Jack Taylor
|
|
Now in LF: Judson Backstrom
|
|
Batting: LHB Miguel Pérez
|
0-0: Fly out, F8 (Line Drive, 8RM)
|
Pitching: RHP Ulric Duval
|
|
Batting: RHB Edouard Padovano
|
0-0: Ball 1-0: Ball 2-0: Foul Ball, location: 2F 2-1: Foul Ball, location: 2F 2-2: Foul Ball, location: 2F 2-2: Strikes out swinging
|
Pitching: LHP Shan Liu
|
|
Batting: LHB Roberto García
|
0-0: Ball 1-0: Ball 2-0: Called Strike 2-1: Ball 3-1: Swinging Strike 3-2: Base on Balls
|
Pinch Hitting: RHB Reginaldo Jaconelli
|
0-0: Called Strike 0-1: Fly out, F9 (Flyball, 89M)
|
Top of the 8th over - 0 run(s), 0 hit(s), 0 error(s), 1 left on base; Austin 3 - St Charles 2 |
BOTTOM OF THE 8TH |
St Charles Sheens batting - Pitching for Austin River Sharks : RHP Armen Boyajian
|
Pitching: RHP Daniel Morris
|
|
Now in LF: José Balina
|
|
Batting: LHB Gene Cooper
|
0-0: SINGLE (Flyball, 78S)
|
Batting: RHB Júlio Hernández
|
0-0: Ball 1-0: Sac Bunt - play at first, batter OUT! 1-4 Gene Cooper to second
|
Batting: RHB Max Rash
|
0-0: Ground out 6-3 (Groundball, 6)
|
Batting: RHB Xavier Feliciano
|
0-0: Called Strike 0-1: Ball 1-1: Ball 2-1: Called Strike 2-2: Strikes out swinging
|
Bottom of the 8th over - 0 run(s), 1 hit(s), 0 error(s), 1 left on base; Austin 3 - St Charles 2 |
TOP OF THE 9TH |
Austin River Sharks batting - Pitching for St Charles Sheens : LHP Shan Liu
|
Pitching: RHP Juan Rivera
|
|
Batting: SHB Juan Castro
|
0-0: Ball 1-0: Called Strike 1-1: Ball 2-1: Called Strike 2-2: Ball 3-2: Strikes out swinging
|
Batting: RHB Rich Ruffin
|
0-0: Foul Ball, location: 2F 0-1: Ball 1-1: Ball 2-1: Ground out 5-3 (Groundball, 56)
|
Batting: RHB Kenneth Roberts
|
0-0: Called Strike 0-1: Called Strike 0-2: Strikes out swinging
|
Top of the 9th over - 0 run(s), 0 hit(s), 0 error(s), 0 left on base; Austin 3 - St Charles 2 |
BOTTOM OF THE 9TH |
St Charles Sheens batting - Pitching for Austin River Sharks : RHP Daniel Morris
|
Pitching: LHP Miguel Martínez
|
|
Batting: RHB Kel Pierce
|
0-0: Ball 1-0: TRIPLE (Flyball, 8LXD)
|
Batting: LHB Marcos Cantú
|
0-0: Called Strike 0-1: Ball 1-1: Called Strike 1-2: Foul Ball, location: 2F 1-2: Foul Ball, location: 2F 1-2: Ball 2-2: Ball 3-2: Foul Ball, location: 2F 3-2: Base on Balls
|
Batting: LHB Jeff Carter
|
0-0: Ball 1-0: Ball 2-0: Foul Ball, location: 2F 2-1: Swinging Strike 2-2: Ball 3-2: Ground out 6-3 (Groundball, 6M) Marcos Cantú to second
|
Batting: RHB Alfredo Rivera
|
0-0: Ball 1-0: Called Strike 1-1: Foul Ball, location: 2F 1-2: Ball 2-2: Ball 3-2: SINGLE (Flyball, 7S) Kel Pierce scores Marcos Cantú to third Runner from 3rd tries for Home, SAFE, no throw or cutoff
|
|